[Event "44th Chess Olympiad Open 2022"]
[Site "Chennai"]
[Date "2022.08.07"]
[Round "9.62"]
[White "Monnaatsheko, Keletshabile"]
[Black "Alhejab, Meshal"]
[Result "1-0"]
[WhiteElo "2014"]
[BlackElo "1732"]
[Annotator "NA"]
[PlyCount "85"]
[EventDate "2022.??.??"]
[TimeControl "60"]

1. d4 Nf6 2. e3 b6 3. Nf3 e6 4. Bd3 Bb7 5. O-O d5 6. Nbd2 Be7 7. Ne5 Nbd7 8.
f4 c5 9. c3 Qc7 10. Qf3 g6 11. a4 h5 12. Qh3 Rf8 13. a5 bxa5 14. Qf3 O-O-O 15. Qd1 Nxe5 16. fxe5 Ng4 17. Nf3 Bc6 18. h3 Nh6 19. e4 Ng8 20.
exd5 Bxd5 21. Be3 f5 22. Qa4 f4 23. Bf2 g5 24. Qxa5 g4 25.
Nd2 Qxa5 26. Rxa5 g3 27. Be1 cxd4 28. cxd4 Rd7 29. Nb1 Kb8 30. Bb5 Rb7 31. Na3 Nh6 32. Bd2 Bxa3 33. bxa3 Rc8 34. Ba6 Rc2 35. Rxd5 exd5 36. Bxf4 Re7 37. e6+ Rcc7 38. Bxh6 Rc6 39. Bf4+ Ka8 40. Rb1 Rb6 41. Rxb6 axb6 42. Bc8 h4 43. Bd7 1-0

[Event "44th Chess Olympiad Open 2022"]
[Site "Chennai"]
[Date "2022.08.07"]
[Round "9.62"]
[White "Hashem, Khaled"]
[Black "Oratile, Kgotlane"]
[Result "1/2-1/2"]
[WhiteElo "1870"]
[BlackElo "2024"]
[Annotator "NA RC"]
[PlyCount "140"]
[EventDate "2022.??.??"]
[TimeControl "60"]

1. d4 Nf6 2. c4 g6 3. Nc3 Bg7 4. e4 d6 5. f3 O-O 6. Be3 e5 7. dxe5 dxe5 8.
Qxd8 Rxd8 9. Bg5 c6 10. g3 Be6 11. b3 Nbd7 12. Be3 Bf8 13.
Nge2 Nc5 14. Nc1 a5 15. Be2 Rd7 16. Kf2 Rad8 17. Rd1 Rxd1 18. Nxd1 Nfd7 19. Nd3 Nxd3+ 20. Bxd3 Bc5 21. Ke2 Bxe3 22. Nxe3 Nc5 23. Rd1 Kf8 24. Bc2 Ra8 25. f4 f6 26. Kf3 Ke7 27. g4 exf4 28. Kxf4 Nd7 29. Bd3 Ne5 30. Be2 h6 31. Kg3 Rd8 32. Rxd8 Kxd8 33. Nc2 Ke7 34. h3 Kd6 35. Kf2 Kc5 36. Ke3 Kd6 37. Kd4 Nf7 38. c5+ Ke7 39. h4 g5 40. h5 Ne5 41. Ne3 Kd8 42. Nf5 Bxf5 43.
exf5 Kc7 44. a3 b6 45. b4 Nd7 46. Bf3 axb4 47. axb4 Ne5 48. Be2 bxc5+ 49. bxc5 Kb7 50. Kc3 Nd7 51. Kb4 Kc7 52. Kc4 Kb7 53. Kb4 Nb8 54. Ka5 Ka7 55. Bd3 Nd7 56. Kb4 Kb7 57. Bf1 Nb8 58. Ka5 Nd7 59. Kb4 Ne5 60. Be2 Nf7 61. Ka5 Kc7 62. Kb4 Ne5 63. Kc3 Kd8 64. Kd4 Nd7 65. Kc4 Kc7 66. Kb4 Kb7 67. Bf1 Nb8 68. Ka5 Ka7 69. Bd3 Nd7 70. Kb4 Ne5 1/2-1/2

[Event "44th Chess Olympiad Open 2022"]
[Site "Chennai"]
[Date "2022.08.07"]
[Round "9.62"]
[White "Al Ibrahim, Abdulrahman"]
[Black "Sabure, Bojosi"]
[Result "0-1"]
[WhiteElo "1822"]
[BlackElo "1966"]
[Annotator "NA"]
[PlyCount "105"]
[EventDate "2022.??.??"]
[TimeControl "60"]

1. e4 g6 2. d4 Bg7 3. Nc3 d6 4. Be2 a6 5. a4 Nd7 6. h4 c5 7. d5 h5 8. Nh3 Ne5 9. Ng5 Nh6 10. O-O Bd7 11. a5 O-O 12. Bf4 b6 13. axb6 Qxb6 14. Qd2 Neg4 15. Rab1 Qb4 16. f3 Qd4+ 17. Kh1 Ne5 18. Ra1 Qxd2 19. Bxd2 Rfb8 20. b3 Bc8 21. Ra5 Nd7 22. Rfa1 Rb6 23. R1a2 Nb8 24. Na4 Rb7 25. Bc3 f5 26. Bxg7 Kxg7 27. Nc3 fxe4 28. Ncxe4 Nf5 29. Bc4 Nxh4 30. Ne6+ Bxe6 31. dxe6 Nc6 32. Rxa6 Rxa6 33.
Rxa6 Nb4 34. Ra8 Nxc2 35. Rd8 Ra7 36. Rd7 Ra1+ 37. Kh2 Nf5 38.
g4 hxg4 39. fxg4 Re1 40. gxf5 Rxe4 41. Rxe7+ Kf6 42. Rf7+ Kg5 43. f6 Ne3 44. Rd7 Kxf6 45. Rxd6 Nxc4 46. bxc4 Rxe6 47. Rd1 Re4 48. Rc1 g5 49. Kg3 g4 50. Rc2 Ke5 51. Rd2 Rxc4 52. Rd8 Re4 53.
Ra8 0-1

[Event "44th Chess Olympiad Open 2022"]
[Site "Chennai"]
[Date "2022.08.07"]
[Round "9.63"]
[White "Van den Brink, Peter"]
[Black "Chinchilla, Alejandro Jose"]
[Result "0-1"]
[WhiteElo "2167"]
[BlackElo "2166"]
[Annotator "RC"]
[PlyCount "64"]
[EventDate "2022.??.??"]
[TimeControl "60"]

1. e4 c5 2. c3 Nf6 3. e5 Nd5 4. Nf3 d6 5. d4 cxd4 6. cxd4 Nc6 7. Bc4 e6 8. O-O Be7 9. Qe2 O-O 10. Rd1 Na5 11. Bd3 Nb4 12. Nc3 Nxd3 13. Rxd3 b6 14. b4 Nc4 15. Ng5 Bxg5 16. Bxg5 Qxg5 17. Ne4 Qf4 18. Rf3 Qg4 19. h3 Qh4 20. g3 Qh5 21. g4 Qg6 22. Nf6+ gxf6 23. Rxf6 Qg5 24. f4 Qh4 25. Kh2 dxe5 26. fxe5 Qg5 27. Qxc4 Qd2+ 28. Kg3 Bb7 29. Qf1 Qxd4 30. Re1 Rac8 31. Rf4 Rc3+ 32. Kh4 Qd3 0-1

[Event "44th Chess Olympiad Open 2022"]
[Site "Chennai"]
[Date "2022.08.07"]
[Round "9.63"]
[White "Gavarrete, Joel"]
[Black "Croes, Octavio"]
[Result "1-0"]
[WhiteElo "2035"]
[BlackElo "1794"]
[Annotator "NA RC"]
[PlyCount "61"]
[EventDate "2022.??.??"]
[TimeControl "60"]

1. e4 c5 2. Nf3 Nc6 3. d4 cxd4 4. Nxd4 Nf6 5. Nc3 g6 6. Be2 Bg7 7. Nb3 O-O 8. g4 d6 9. g5 Nd7 10. Be3 Nb6 11. Qd2 Be6 12. O-O-O Nc4 13. Bxc4 Bxc4 14. h4 Bxb3 15. cxb3 Qa5 16. Kb1 Qb4 17. Qd3 Rfc8 18. Nd5 Qa5 19. a3 Qd8 20. h5 e6 21. Nf4 Bf8 22. hxg6 hxg6 23. Qf1 Qe7 24. Nd3 e5 25. Rh4 Qe6 26. Qh1 Bg7 27. Rh7 f5 28.
gxf6 Qxf6 29. Bh6 Bh8 30. Rg1 d5 31. Bg5 1-0

[Event "44th Chess Olympiad Open 2022"]
[Site "Chennai"]
[Date "2022.08.07"]
[Round "9.63"]
[White "Chahin Godoy, Angel Eduardo"]
[Black "Stetsenko, Ilya"]
[Result "0-1"]
[WhiteElo "1844"]
[BlackElo "1683"]
[Annotator "NA"]
[PlyCount "88"]
[EventDate "2022.??.??"]
[TimeControl "60"]

1. e4 c6 2. d4 d5 3. e5 Bf5 4. Nf3 e6 5. a3 c5 6. dxc5 Bxc5 7. b4 Bb6 8.
Bb2 Ne7 9. Be2 O-O 10. O-O Qc7 11. Nc3 a6 12. Rc1 Ba7 13. Bd3 Nd7 14. Bxf5 Nxf5 15. Qe2 Nb6 16. Rcd1 Nc4 17. Bc1 Rac8 18. Rd3 Ne7 19. Re1 Ng6 20. g3 Bb8 21. Bf4 Nxa3 22. Be3 Nc4 23. Bc5 Rfe8 24. h4 Ngxe5 25. Nxe5 Qxe5 26. Qd1 Qf6 27. Qe2 Red8 28. Qg4 Ne5 29. Rxe5 Bxe5 30. Na4 Bd6 31. Bxd6 Rxd6 32. Nc5 Rdc6 33. Kg2 b6 34. Nxa6 Rxc2 35. Rf3 Qe7 36. h5 h6 37. b5 e5 38. Nb4 R2c4 39. Nxd5 Qb7 40. Nf6+ Kh8 41. Qf5 gxf6 42. Qxf6+ Kg8 43. Qxh6 Rg4 44. Kh3 Qxf3 0-1

[Event "44th Chess Olympiad Open 2022"]
[Site "Chennai"]
[Date "2022.08.07"]
[Round "9.63"]
[White "Pesqueira, Jose"]
[Black "Villanueva, Marcio"]
[Result "1/2-1/2"]
[WhiteElo "1809"]
[BlackElo "2009"]
[Annotator "NA RC"]
[PlyCount "71"]
[EventDate "2022.??.??"]
[TimeControl "60"]

1. e4 c5 2. Nf3 d6 3. c3 Nf6 4. Be2 Bd7 5. d3 e6 6. Nbd2 Nc6 7. O-O Be7 8.
Re1 O-O 9. Bf1 Rc8 10. e5 Nxe5 11. Nxe5 dxe5 12. Nc4 Qc7 13. Nxe5 Bd6 14. Bf4 Rfd8 15. Nxd7 Rxd7 16. Bxd6 Qxd6 17. Qf3 Rcd8 18. Rad1 Qb6 19. Rd2 Qa5 20. a3 b5 21. g3 h6 22. Re5 Qc7 23. d4 cxd4 24. Rxb5 dxc3 25. Rxd7 Rxd7 26. bxc3 Nd5 27. c4 Ne7 28. Qa8+ Rd8 29. Qb7 Rc8 30.
Qa6 Rb8 31. a4 Nc6 32. a5 Rxb5 33. Qxb5 Nxa5 34. c5 Nc6 35. Bg2 Nd8 36. c6 1/2-1/2

[Event "44th Chess Olympiad Open 2022"]
[Site "Chennai"]
[Date "2022.08.07"]
[Round "9.64"]
[White "Cabezas Solano, David Alejandro"]
[Black "Asante Debesai Zerabruk"]
[Result "1-0"]
[WhiteElo "2196"]
[BlackElo "1785"]
[Annotator "NA RC"]
[PlyCount "51"]
[EventDate "2022.??.??"]
[TimeControl "60"]

1. d4 Nf6 2. Nf3 e6 3. g3 d5 4. Bg2 Be7 5. O-O b5 6. a4 c6 7. c3 O-O 8. Nbd2 Bb7 9. Qc2 a5 10. e4 Nbd7 11. Re1 Qb6 12. e5 Ne8 13.
h4 c5 14. axb5 Rc8 15. Nb3 cxd4 16. Nfxd4 Bc5 17. Be3 f6 18. Nxc5 Nxc5 19. Nb3 fxe5 20. Nxc5 Rxc5 21. Bxc5 Qxc5 22. Rxe5 Rf6 23.
Qe2 Nc7 24. Rxa5 Kf7 25. b4 Qb6 26. Qe3 1-0

[Event "44th Chess Olympiad Open 2022"]
[Site "Chennai"]
[Date "2022.08.07"]
[Round "9.64"]
[White "Kibrom Weldegebriel Beraki"]
[Black "Arias Santana, Mauricio"]
[Result "0-1"]
[WhiteElo "1793"]
[BlackElo "2318"]
[Annotator "RC"]
[PlyCount "68"]
[EventDate "2022.??.??"]
[TimeControl "60"]

1. d4 Nf6 2. c4 c5 3. Nf3 cxd4 4. Nxd4 b6 5. Nc3 Bb7 6. Bg5 d6 7. f3 Nbd7 8. e4 e6 9. Be2 a6 10. O-O Be7 11. Kh1 O-O 12. Be3 Rc8 13.
Rc1 Qc7 14. Qd2 Qb8 15. a3 Bd8 16. Bd3 Re8 17. b4 Ne5 18.
Nce2 Bc7 19. Bb1 d5 20. cxd5 exd5 21. exd5 Nxd5 22. Bg1 b5 23. Qg5 h6 24. Qf5 g6 25. Qh3 h5 26. f4 Ng4 27. f5 Nde3 28.
Bxe3 Rxe3 29. Qh4 Qa8 30. Nf4 Bd8 31. fxg6 Bxh4 32. gxf7+ Kxf7 33. Nxh5+ Bf2 34. Ba2+ Kf8 0-1

[Event "44th Chess Olympiad Open 2022"]
[Site "Chennai"]
[Date "2022.08.07"]
[Round "9.64"]
[White "Samuel Merhawi Gebrehiwet"]
[Black "Chaves Sanchez, Gabriel A"]
[Result "0-1"]
[WhiteElo "1616"]
[BlackElo "2125"]
[Annotator "NA RC"]
[PlyCount "60"]
[EventDate "2022.??.??"]
[TimeControl "60"]

1. Nf3 Nf6 2. c4 e6 3. d4 d5 4. g3 dxc4 5. Qa4+ Nbd7 6.
Qxc4 a6 7. Bg2 b5 8. Qc2 Bb7 9. O-O c5 10. dxc5 Bxc5 11. Nc3 O-O 12. Bf4 Rc8 13. Qb3 Qb6 14. Ne5 Nxe5 15. Bxe5 Ng4 16. Bxb7 Bxf2+ 17. Kg2 Qxb7+ 18. e4 Nxe5 19. Rxf2 Rfd8 20. Rd1 Rxd1 21. Qxd1 b4 22. Qb3 Rc7 23. Qa4 Rd7 24. Ne2 Qxe4+ 25. Kg1 h6 26. Qxa6 Rd1+ 27. Rf1 Qe3+ 28. Kg2 Rd2 29. Re1 Nd3 30. Qa8+ Kh7 0-1

[Event "44th Chess Olympiad Open 2022"]
[Site "Chennai"]
[Date "2022.08.07"]
[Round "9.65"]
[White "Isaakidis, Alexandros"]
[Black "Manan, Yoboue Hermann"]
[Result "1/2-1/2"]
[WhiteElo "2165"]
[BlackElo "2066"]
[Annotator "RC"]
[PlyCount "91"]
[EventDate "2022.??.??"]
[TimeControl "60"]

1. d4 d5 2. c4 e6 3. Nc3 Nf6 4. cxd5 exd5 5. Bg5 c6 6. e3 Be7 7. Bd3 h6 8. Bh4 O-O 9. Qc2 Re8 10. Nf3 Nbd7 11. O-O a6 12. Rab1 Ne4 13. Bxe7 Qxe7 14. Bxe4 dxe4 15. Nd2 Nf6 16. b4 Bf5 17. Na4 Nd5 18. a3 Qg5 19. Kh1 Re7 20. Nc5 Nf6 21. Rfe1 Ng4 22. Nf1 b6 23. Nb3 Rc8 24. Kg1 h5 25. Rbc1 Be6 26. Nbd2 Bd5 27. Nb1 Re6 28. Nc3 Rce8 29. Ne2 h4 30. Nf4 Rh6 31. h3 Nf6 32. Nh2 Qf5 33.
f3 g5 34. Ng4 Nxg4 35. fxg4 Qd7 36. Nxd5 cxd5 37. Rf1 Rd6 38. Qf2 f6 39. Rc3 Rc8 40. Rxc8+ Qxc8 41. Kh2 Kg7 42. b5 axb5 43. Qb2 Rc6 44. Qxb5 Qc7+ 45. Kg1 Rc1 46. Qxd5 1/2-1/2

[Event "44th Chess Olympiad Open 2022"]
[Site "Chennai"]
[Date "2022.08.07"]
[Round "9.65"]
[White "De Gondo, Simplice Armel"]
[Black "Michaelides, Konstantinos"]
[Result "1/2-1/2"]
[WhiteElo "2135"]
[BlackElo "2300"]
[Annotator "RC"]
[PlyCount "176"]
[EventDate "2022.??.??"]
[TimeControl "60"]

1. e4 e5 2. Nf3 Nc6 3. Bb5 g6 4. O-O Bg7 5. c3 a6 6. Ba4 Nge7 7. d4 exd4 8. cxd4 O-O 9. Bg5 h6 10. Bxe7 Nxe7 11. Nc3 d6 12. h3 b5 13. Bc2 Bb7 14. d5 c6 15. dxc6 Bxc6 16. Nd4 Bb7 17. Bb3 b4 18. Nd5 Nxd5 19. Bxd5 Bxd5 20. exd5 Qh4 21. Nf3 Qf6 22. Rb1 a5 23. b3 Rfc8 24. Nd2 Ra7 25. Nc4 Rc5 26. Qd2 Rd7 27. Rfd1 Kh7 28. Rbc1 Qd8 29. Rc2 Rdc7 30. g3 Qd7 31. Kg2 Bc3 32. Qd3 Bf6 33. h4 Qg4 34. Ne3 Qc8 35. Rxc5 Rxc5 36. h5 Rc3 37. hxg6+ fxg6 38. Qe4 Qc5 39. Qe6 Bg7 40. Qe7 Qc7 41. Qxc7 Rxc7 42. Nc4 Bf8 43. Nxa5 Rc2 44. Nc6 Rxa2 45. Nxb4 Rb2 46. Rd3 Kg7 47. Nc6 Kf7 48. Rf3+ Ke8 49. b4 Bg7 50. Re3+ Be5 51. Nxe5 dxe5 52. Rxe5+ Kf7 53. Re4 Rd2 54. Kf3 Rxd5 55. Ke3 h5 56. Rd4 Rb5 57. Kd3 Kf6 58. Kc4 Rb8 59. b5 g5 60. Rd6+ Kf5 61. Rd4 Rh8 62. f3 h4 63. Rd5+ Ke6 64. gxh4 gxh4 65. b6 h3 66. Rd1 Kf5 67. Kc5 Kf4 68.
Rf1 Rc8+ 69. Kd6 Rc2 70. Rb1 Rc8 71. Rh1 Rh8 72. b7 Kg3 73.
f4 Kg2 74. Rb1 h2 75. f5 Rf8 76. f6 Rxf6+ 77. Ke7 Rf1 78. Rb2+ Rf2 79. b8=Q Rxb2 80. Qxb2+ Kg1 81. Qc1+ Kg2 82. Qd2+ Kg1 83.
Qe1+ Kg2 84. Qe2+ Kg1 85. Qe3+ Kg2 86. Qg5+ Kh1 87. Qh4 Kg2 88. Qg4+ Kh1 1/2-1/2

[Event "44th Chess Olympiad Open 2022"]
[Site "Chennai"]
[Date "2022.08.07"]
[Round "9.65"]
[White "Mambe, Lobognon Anderson O"]
[Black "Florentiades, Michalis"]
[Result "0-1"]
[WhiteElo "1921"]
[BlackElo "1974"]
[Annotator "NA"]
[PlyCount "98"]
[EventDate "2022.??.??"]
[TimeControl "60"]

1. d4 d5 2. Nf3 Nf6 3. c4 c6 4. Nc3 dxc4 5. g3 Bf5 6. Bg2 h6 7. O-O e6 8. Ne5 Nbd7 9. Nxc4 Nb6 10. Ne5 Be7 11. a4 a5 12. Qb3 O-O 13.
Rd1 Bb4 14. e4 Bh7 15. f3 Qe7 16. Be3 Nbd7 17. Nd3 e5 18. d5 Nc5 19. Nxc5 Bxc5 20. Bxc5 Qxc5+ 21. Kh1 Qb4 22. Qc2 Rfd8 23.
dxc6 bxc6 24. Rac1 Bg6 25. Na2 Qb6 26. b3 Rab8 27. Rb1 Nd5 28.
Qb2 Ne3 29. Rd2 Rxd2 30. Qxd2 Rd8 31. Qe2 Qd4 32. Re1 Nd1 33. h4 f6 34. Qc4+ Bf7 35. Qxc6 Qd2 36. Rg1 Qxa2 37. Qb6 Rd2 38. Qc5 Bxb3 39. Qc8+ Kh7 40. Qf5+ Kh8 41. g4 Ne3 42. Qc8+ Bg8 43. g5 Rxg2 44. Qh3 Rxg1+ 45. Kxg1 Qg2+ 46. Qxg2 Nxg2 47. Kxg2 hxg5 48. hxg5 fxg5 49. Kg3 Kh7 0-1

[Event "44th Chess Olympiad Open 2022"]
[Site "Chennai"]
[Date "2022.08.07"]
[Round "9.65"]
[White "Antoniou, Rafail"]
[Black "Amako Marc Arnold"]
[Result "1-0"]
[WhiteElo "1817"]
[BlackElo "1547"]
[Annotator "NA"]
[PlyCount "109"]
[EventDate "2022.??.??"]
[TimeControl "60"]

1. e4 e5 2. Nf3 Nf6 3. Nxe5 d6 4. Nf3 Nxe4 5. c4 Be7 6. d4 d5 7. Bd3 Bb4+ 8. Nbd2 O-O 9. O-O Nxd2 10. Bxd2 Bxd2 11. Qxd2 dxc4 12. Bxc4 Qf6 13. Rfe1 Nd7 14. Qg5 Nb6 15. Bb3 Bd7 16. Re7 Rac8 17. Qc5 Bg4 18. Ne5 Be6 19. Rxc7 Bxb3 20. axb3 Qf4 21. g3 Qe4 22. Rxa7 Rxc7 23. Qxc7 Qxd4 24. Nf3 Qd1+ 25. Kg2 Nd5 26. Qxb7 Nf6 27. b4 Qe2 28. Ra8 Qxb2 29. b5 g6 30. Rxf8+ Kxf8 31. b6 Kg7 32. Qa7 Qb5 33. b7 Nd7 34. Qd4+ Nf6 35. g4 Qxb7 36. g5 Qc6 37. gxf6+ Qxf6 38. Kg3 Qxd4 39. Nxd4 f5 40. Kf4 Kf6 41. h4 h6 42. Nf3 Ke6 43.
h5 gxh5 44. Nd4+ Kf6 45. Nxf5 Kg6 46. Nh4+ Kf6 47. f3 Ke6 48. Ke4 Kf6 49. f4 Ke6 50. f5+ Kd6 51. Kd4 Kd7 52. Ke5 Ke7 53. f6+ Kf7 54. Kf5 Kf8 55. Ke6 1-0

[Event "44th Chess Olympiad Open 2022"]
[Site "Chennai"]
[Date "2022.08.07"]
[Round "9.66"]
[White "Ursus van Bemmelen"]
[Black "Soriano, Rudolph P."]
[Result "1-0"]
[WhiteElo "2145"]
[BlackElo "1824"]
[Annotator "NA"]
[PlyCount "119"]
[EventDate "2022.??.??"]
[TimeControl "60"]

1. d4 Nf6 2. Nf3 e6 3. c4 b6 4. g3 Ba6 5. b3 Bb4+ 6. Bd2 Be7 7. Bg2 O-O 8. O-O d5 9. Bc3 Nbd7 10. Nbd2 Bb7 11. Bb2 Rb8 12. Re1 Re8 13. Ne5 Bb4 14. Nxd7 Qxd7 15. a3 Bxd2 16. Qxd2 Ne4 17. Qc2 f5 18. Rad1 Qf7 19. Bc1 Re7 20. f3 Nf6 21. cxd5 Bxd5 22. e4 fxe4 23. fxe4 Qg6 24. Re2 Bb7 25. Bf4 Ba6 26. Red2 Rbe8 27. b4 h6 28. Rc1 Ng4 29. Qc6 Qh5 30. h3 Nf6 31. g4 Qf7 32. Rf2 Qg6 33.
b5 Bc8 34. a4 Bd7 35. Qc2 Rc8 36. e5 Qxc2 37. Rfxc2 Ne8 38. Bd2 Kh8 39. Be4 Rf7 40. Kg2 g5 41. h4 Rg7 42. hxg5 hxg5 43. Rh1+ Kg8 44. Rh5 a6 45. Bb7 axb5 46. Bxc8 Bxc8 47. axb5 Bd7 48. Rb2 c6 49. bxc6 Bxc6+ 50. Kg1 b5 51. Rxg5 Rxg5 52. Bxg5 Kf7 53. Kf2 Kg6 54. Bd8 Kf7 55. Ke3 Ng7 56. Kf4 Ke8 57. Bf6 Kf7 58. Bxg7 Kxg7 59. Kg5 Bd7 60. Ra2 1-0

[Event "44th Chess Olympiad Open 2022"]
[Site "Chennai"]
[Date "2022.08.07"]
[Round "9.66"]
[White "Prudente, Elmer"]
[Black "Roose Alex"]
[Result "1/2-1/2"]
[WhiteElo "1995"]
[BlackElo "1888"]
[Annotator "NA"]
[PlyCount "100"]
[EventDate "2022.??.??"]
[TimeControl "60"]

1. e4 c5 2. Nf3 Nc6 3. d4 cxd4 4. Nxd4 e5 5. Nb3 Nf6 6. Nc3 Bb4 7. Bg5 h6 8. Bxf6 Qxf6 9. a3 Bxc3+ 10. bxc3 O-O 11. Qd2 d6 12. Bc4 Be6 13. Bd5 Rfd8 14. O-O Rac8 15. c4 Bxd5 16. cxd5 Nb8 17. Qd3 Na6 18. Rab1 Qe7 19. Rfc1 Rd7 20. Nd2 Rdc7 21. c4 Nc5 22. Qe3 Qd7 23. Rb4 b6 24. h3 Na6 25. Rbb1 Nc5 26. Kf1 Na6 27. Qb3 Nc5 28. Qe3 Na6 29. Rc2 Nc5 30. Rcb2 Na6 31. Rb5 Nc5 32. Ke2 Na4 33. Qb3 Nc5 34. Qc2 Qe7 35. Qc3 Na4 36. Qe3 Nc5 37. R5b4 Na6 38. Rb5 Nc5 39. Ra1 Na4 40. Rb4 Nc5 41. a4 Nb7 42. Kd3 Na5 43.
Rc1 Qd7 44. Qf3 Nb7 45. Qd1 Nc5+ 46. Ke3 Na6 47. Rb5 Nc5 48. Ra1 Nb7 49. Qg4 Qxg4 50. hxg4 Na5 1/2-1/2

[Event "44th Chess Olympiad Open 2022"]
[Site "Chennai"]
[Date "2022.08.07"]
[Round "9.66"]
[White "Estur, Gavino Aguilar"]
[Black "Rurik Capella"]
[Result "1/2-1/2"]
[WhiteElo "1598"]
[BlackElo "1952"]
[Annotator "NA RC"]
[PlyCount "117"]
[EventDate "2022.??.??"]
[TimeControl "60"]

1. e4 d6 2. d4 g6 3. Nc3 Bg7 4. Nf3 Nf6 5. h3 O-O 6. Bc4 Nxe4 7. O-O Nxc3 8. bxc3 Nc6 9. Ng5 h6 10. Nxf7 Rxf7 11. Bxf7+ Kxf7 12. Qf3+ Kg8 13. g4 e5 14. d5 Ne7 15. Rb1 g5 16. Qe4 c6 17. c4 c5 18. Rb3 Qe8 19. Kh2 Ng6 20. Rf3 Bd7 21. Rb3 b6 22. f3 Qf7 23. Kg3 Rf8 24. Ra3 Be8 25.
Bd2 Qe7 26. Kg2 Nh4+ 27. Kg1 Bg6 28. Qe2 Bh7 29. f4 gxf4 30.
Rxf4 Rxf4 31. Bxf4 e4 32. Kh2 Bb2 33. Rb3 Be5 34. Bxe5 Qxe5+ 35. Kh1 Nf3 36. Qf2 Qa1+ 37. Kg2 Qe5 38. Kh1 Bg6 39. Ra3 Qe7 40.
Kg2 Nh4+ 41. Kg1 Nf3+ 42. Kg2 Kg7 43. Kf1 Ne5 44. Qe2 Qf7+ 45.
Kg2 Nf3 46. Qf2 Qe7 47. Kf1 Nd4 48. Re3 Qe5 49. c3 Nf3 50.
Ke2 b5 51. cxb5 Qxd5 52. Kf1 Nd2+ 53. Kg1 Nc4 54. Re1 Qd3 55. Rf1 Qe3 56. Qxe3 Nxe3 57. Re1 Nc4 58. a4 Kf6 59. Kf2 1/2-1/2

[Event "44th Chess Olympiad Open 2022"]
[Site "Chennai"]
[Date "2022.08.07"]
[Round "9.67"]
[White "Mizzi, Jack"]
[Black "Nicholas Arvin"]
[Result "1-0"]
[WhiteElo "1913"]
[BlackElo "1744"]
[Annotator "NA RC"]
[PlyCount "61"]
[EventDate "2022.??.??"]
[TimeControl "60"]

1. d4 d5 2. c4 e6 3. Nf3 Nf6 4. g3 Nbd7 5. Bg2 Be7 6. O-O O-O 7. Nbd2 c6 8. Qc2 Re8 9. Rd1 Nf8 10. b3 Ng6 11. Bb2 Qc7 12. Rac1 Bd7 13.
e4 dxe4 14. Nxe4 Qb6 15. Ne5 Rad8 16. Ng5 Rf8 17. h4 Nh5 18. Bf3 Bxg5 19. Nxd7 Rxd7 20. hxg5 Nxg3 21. fxg3 Qa5 22. d5 Qc7 23. Kg2 c5 24. Qc3 e5 25. Bh5 f6 26. Rf1 Rd6 27. Bxg6 hxg6 28. Qd3 Qe7 29. Rce1 Rf7 30. Rh1 Kf8 31. Rh8# 1-0

[Event "44th Chess Olympiad Open 2022"]
[Site "Chennai"]
[Date "2022.08.07"]
[Round "9.67"]
[White "Cilia Vincenti, David"]
[Black "Mathurin, Nathaniel"]
[Result "1-0"]
[WhiteElo "1904"]
[BlackElo "1722"]
[Annotator "NA"]
[PlyCount "43"]
[EventDate "2022.??.??"]
[TimeControl "60"]

1. d4 Nf6 2. Nf3 d5 3. e3 c5 4. Nbd2 Nc6 5. Bb5 Qb6 6. c4 e6 7. Ne5 Bd6 8. Qa4 O-O 9. Bxc6 bxc6 10. Qxc6 Qb8 11. Ndf3 Bxe5 12. dxe5 Bb7 13. Qb5 Ne4 14. O-O Qc8 15. b3 Ba6 16. Qa4 Rb8 17. Ba3 Rd8 18. Rfc1 d4 19. exd4 cxd4 20. Bb4 f6 21. Ba5 Rd7 22. Rd1 1-0

[Event "44th Chess Olympiad Open 2022"]
[Site "Chennai"]
[Date "2022.08.07"]
[Round "9.67"]
[White "Sixtus Gabriel"]
[Black "Darmanin, Jake"]
[Result "0-1"]
[WhiteElo "1787"]
[BlackElo "2101"]
[Annotator "NA"]
[PlyCount "83"]
[EventDate "2022.??.??"]
[TimeControl "60"]

1. e4 e5 2. Nf3 Nc6 3. Bc4 Bc5 4. O-O d6 5. c3 Nf6 6. d4 exd4 7. cxd4 Bb6 8. e5 dxe5 9. d5 Nd4 10. Nxe5 O-O 11. Be3 Nf5 12. Bxb6 axb6 13. Nc3 Re8 14. Re1 Nd6 15. Bb3 Bf5 16. Qd4 h6 17. Rad1 b5 18. Re3 Bh7 19. Qb4 Nd7 20. Rde1 Nxe5 21. Rxe5 Qd7 22. f4 Bg6 23. Bd1 c6 24. Bf3 Rxe5 25. Rxe5 Rc8 26. Qc5 cxd5 27. Qxd5 b4 28. Ne4 Rc1+ 29. Kf2 Rc2+ 30. Ke3 Nf5+ 31. Kd3 Qc7 32. Bd1 Rxb2 33. g4 Ne7 34. Qd4 Bxe4+ 35. Kxe4 Rxh2 36. Bb3 Kf8 37. Qxb4 Qc6+ 38. Bd5 Qc2+ 39. Kd4 Rd2+ 40. Qxd2 Qxd2+ 41. Kc5 Qxf4 42. Re6 0-1

[Event "44th Chess Olympiad Open 2022"]
[Site "Chennai"]
[Date "2022.08.07"]
[Round "9.68"]
[White "Mwale, Joseph"]
[Black "Altell, Majed"]
[Result "1/2-1/2"]
[WhiteElo "2131"]
[BlackElo "1807"]
[Annotator "RC"]
[PlyCount "185"]
[EventDate "2022.??.??"]
[TimeControl "60"]

1. d4 Nf6 2. c4 e6 3. g3 d5 4. Bg2 Bb4+ 5. Bd2 Bxd2+ 6. Nxd2 O-O 7. Ngf3 Nbd7 8. O-O b6 9. Rc1 c5 10. b3 Bb7 11. e3 Rc8 12. Qe2 Ne4 13.
cxd5 exd5 14. Nxe4 dxe4 15. Nd2 Qe7 16. Rfd1 Rfd8 17. Nc4 g6 18. d5 f5 19. Qb2 Nf6 20. d6 Qe6 21. Bf1 Bd5 22. a4 Kg7 23.
Rd2 Kh6 24. Rcd1 Rd7 25. h4 Rcd8 26. Qe5 Qxe5 27. Nxe5 Bxb3 28. Nxd7 Nxd7 29. Rb1 Ne5 30. Be2 c4 31. Rd4 Bxa4 32. Kf1 b5 33.
Ke1 Nd3+ 34. Bxd3 exd3 35. Kd2 a5 36. e4 fxe4 37. Re1 Rc8 38.
Rexe4 c3+ 39. Kxd3 c2 40. Re1 b4 41. Kd2 b3 42. Kc1 Bd7 43.
g4 Rb8 44. Kb2 a4 45. Ra1 Rb6 46. f3 Kg7 47. Rd2 Rc6 48. Rc1 Kf7 49. Rd4 Rb6 50. Ra1 h5 51. gxh5 gxh5 52. Rd5 Kg6 53. Rg5+ Kh6 54. Rd5 Rb4 55. Ra5 Rd4 56. Ra6 Rd1 57. Rc1 Kg6 58. Ra5 Rxd6 59. Rg5+ Kh6 60. Rcg1 Rb6 61. Rg8 Bf5 62. Rh8+ Bh7 63. Ra8 Rg6 64. Rxg6+ Kxg6 65. Rxa4 Bg8 66. Ra5 Bf7 67. Rc5 Kf6 68. Rg5 Bg6 69. Rc5 Bf7 70. Rb5 Kg6 71. Rb6+ Kf5 72. Rb7 Kf6 73. Rb5 Kg6 74. Rg5+ Kf6 75. Kc1 Bg6 76. f4 Be8 77. Kb2 Bg6 78. Rc5 Bf7 79. Rc7 Be6 80. Rc5 Bf7 81. Rc7 Be6 82. Rc6 Kf5 83. Rc5+ Kg4 84. Rc6 Bf5 85. Rc5 Kxf4 86. Kxb3 Kg4 87. Rc4+ Kg3 88. Kb2 Bg4 89. Rxc2 Kxh4 90. Rh2+ Bh3 91. Re2 Kg3 92. Re5 h4 93. Rh5 1/2-1/2

[Event "44th Chess Olympiad Open 2022"]
[Site "Chennai"]
[Date "2022.08.07"]
[Round "9.68"]
[White "Miswadah, Baha"]
[Black "Nyambalo, Joseph Xavier"]
[Result "1-0"]
[WhiteElo "1985"]
[BlackElo "1981"]
[Annotator "NA RC"]
[PlyCount "135"]
[EventDate "2022.??.??"]
[TimeControl "60"]

1. d4 Nf6 2. Bf4 d6 3. e3 g6 4. Be2 Bg7 5. Nf3 c5 6. h3 cxd4 7. exd4 Qb6 8. Na3 Bd7 9. Nc4 Qc7 10. O-O O-O 11. Ne3 Nc6 12. c4 Qb6 13.
Rb1 Nxd4 14. Nxd4 e5 15. c5 dxc5 16. Bxe5 cxd4 17. Bxd4 Qd8 18. Bf3 Bb5 19. Re1 Qd7 20. Nd5 Nxd5 21. Bxg7 Kxg7 22. Qxd5 Qxd5 23. Bxd5 Bc6 24. Bxc6 bxc6 25. Rbc1 Rfb8 26. b3 Rb6 27. Re7 Ra6 28. Rc2 Rd8 29. Rc7 Rd1+ 30. Kh2 Rd6 31. Re2 Rf6 32. g4 h5 33. g5 Rf5 34. h4 c5 35. Kg3 Rd6 36. Rxa7 c4 37. bxc4 Rd4 38. f3 Rxc4 39. Re3 Rff4 40. Ra8 Ra4 41. Rb8 Rfb4 42. Rxb4 Rxb4 43. Re4 Rb1 44. a4 Rh1 45. Kf2 f6 46. Kg2 Ra1 47. f4 fxg5 48. fxg5 Ra3 49. Rf4 Kg8 50. Kf2 Kg7 51. Ke2 Kg8 52. Kd2 Kg7 53. Kc2 Rg3 54. Rc4 Kf7 55. Kb2 Ke6 56. a5 Kd5 57. Ra4 Rg2+ 58.
Kc3 Rg3+ 59. Kb4 Kc6 60. a6 Kb6 61. a7 Rg4+ 62. Kb3 Rxa4 63. Kxa4 Kxa7 64. Ka5 Kb7 65. Kb5 Kc7 66. Kc5 Kd7 67. Kd5 Ke7 68.
Ke5 1-0

[Event "44th Chess Olympiad Open 2022"]
[Site "Chennai"]
[Date "2022.08.07"]
[Round "9.68"]
[White "Matola Ernest"]
[Black "Isam, Gaith"]
[Result "1-0"]
[WhiteElo "1964"]
[BlackElo "1828"]
[Annotator "NA"]
[PlyCount "106"]
[EventDate "2022.??.??"]
[TimeControl "60"]

1. Nf3 f5 2. d4 e6 3. g3 Nf6 4. Bg2 d5 5. O-O Bd6 6. c4 c6 7. Nc3 O-O 8. Bg5 Nbd7 9. c5 Bc7 10. b4 a6 11. a4 h6 12. Bd2 e5 13. e3 e4 14. Ne1 Qe8 15.
b5 axb5 16. axb5 Rxa1 17. Qxa1 Nh7 18. f4 exf3 19. Nxf3 Ng5 20. Nxg5 hxg5 21. Qa4 Nf6 22. b6 Bd8 23. Qa8 Be7 24. Ra1 Qd7 25.
Qb8 Bxc5 26. dxc5 d4 27. Nd1 dxe3 28. Bxe3 Ng4 29. Qd6 Qe8 30. Bf2 f4 31. gxf4 gxf4 32. h3 Rf6 33. Qd2 Nxf2 34. Nxf2 f3 35. Bf1 Qe5 36. Ra8 Rf8 37. Qd6 Qg5+ 38. Kh2 Qe3 39. Ng4 Qe8 40. Qe5 Qf7 41. Qd4 f2 42. Qc4 Be6 43. Rxf8+ Kxf8 44. Qd4 Ke8 45. Qxf2 Qh5 46. Qe3 Kd7 47. Kg3 Qd5 48. Qd3 Bf5 49. Qxd5+ cxd5 50. Bb5+ Kd8 51. Kf4 Bd7 52. Bxd7 Kxd7 53. Ke5 Kc6 1-0